 Dungeon Crawl Stone Soup version 0.26.1-2-gb8aa6d0cf2 (webtiles) character file.

Game seed: 10925008984461049959

195 FishyPogo the Gusty (level 5, -10/38 HPs)
             Began as a Draconian Air Elementalist on Feb 23, 2021.
             Killed by nerve-wracking pain
             ... invoked by an orc priest
              (11 damage)
             ... on level 3 of the Dungeon.
             The game lasted 00:12:16 (2196 turns).

FishyPogo the Gusty (Draconian Air Elementalist)    Turns: 2196, Time: 00:12:16

Health: -10/38     AC:  8    Str: 10    XL:     5   Next: 45%
Magic:  1/9        EV: 12    Int: 17    God:
Gold:   90         SH:  4    Dex: 11    Spells: 4/9 levels left

rFire    . . .     SeeInvis .   c - +0 short sword (curse)
rCold    . . .     Faith    .   d - +0 buckler (curse)
rNeg     . . .     Spirit   .   (armour unavailable)
rPois    .         Reflect  .   (helmet restricted)
rElec    .         Harm     .   j - +2 cloak
rCorr    .         Rampage  .   (no gloves)
Will     .....                  (no boots)
Stlth    ++........             (no amulet)
HPRegen  0.12/turn              (no ring)
MPRegen  0.11/turn              (no ring)

@: flying
A: unfitting armour, cold-blooded, AC +5
a: no special abilities


You were on level 3 of the Dungeon.
You visited 1 branch of the dungeon, and saw 3 of its levels.

You collected 90 gold pieces.

Inventory:

Hand Weapons
 c - a cursed +0 short sword (weapon)
Missiles
 F - 72 stones
Armour
 d - a cursed +0 buckler (worn)
 j - a +2 cloak (worn)
Wands
 l - a wand of disintegration (2)
Scrolls
 a - 4 scrolls of remove curse {unknown}
 b - a scroll of amnesia {unknown}
 g - a scroll of teleportation {unknown}
 h - 3 scrolls of identify {unknown}
 i - 2 scrolls of fear {unknown}
 m - 2 scrolls of random uselessness {unknown}
 n - a scroll of enchant armour {unknown}
Potions
 e - 2 potions of flight
 f - a potion of lignification {unknown}
 k - a potion of resistance {unknown}


   Skills:
 - Level 2.0 Dodging
 - Level 2.0 Stealth
 * Level 2.8 Shields
 + Level 2.6 Spellcasting
 + Level 2.2 Conjurations
 * Level 4.2 Air Magic


You had 4 spell levels left.
You knew the following spells:

 Your Spells              Type           Power        Failure   Level
c - Shock                 Conj/Air       52%          5%          1
n - Airstrike             Air            8%           36%         4

Your spell library contained the following spells:

 Spells                   Type           Power        Failure   Level
 Swiftness                Air            16%          5%          2
 Static Discharge         Conj/Air       13%          17%         3
 Lightning Bolt           Conj/Air       6%           83%         5


Dungeon Overview and Level Annotations

Branches:
Dungeon (3/15)

Altars:
Cheibriados


Innate Abilities, Weirdness & Mutations

Your plain brown scales are hard. (AC +5)
You cannot fit into any form of body armour.
You are cold-blooded and may be slowed by cold attacks.


Message History

The orc priest begins to cast a cantrip, but forgets the words!
You hit the orc priest.
The orc priest is severely wounded.
The centaur unwields a +0 long sword.
The centaur wields a +0 shortbow.
The centaur shoots an arrow.
The arrow hits you!
The orc priest hits you with a +0 flail!
* * * LOW HITPOINT WARNING * * *
Unknown command.
Unknown command.
Unknown command.
Okay, then.
It was a potion of flight.
You feel very buoyant.
You fly up into the air.
The centaur shoots an arrow.
The arrow hits you.
* * * LOW HITPOINT WARNING * * *
The centaur shoots an arrow.
The arrow hits you.
* * * LOW HITPOINT WARNING * * *
The orc priest calls down the wrath of Beogh upon you.
Pain shoots through your body!
You die...

c.... .... ... #
.. #. .# # .###
#######.#... ..#
#.........# #o#
#.#####.###
#@#####.# #.#
#.....c.# #.####
######..# #.....
#..#####.....
#......+.....
#.....##.....
#.....##.....
######.....##.....
...........##.....


You could see a centaur and an orc priest.

Vanquished Creatures
  2 orc wizards (D:3)
  3 gnolls (D:3)
  4 adders
  An ooze (D:1)
  A worm (D:2)
  4 dart slugs
  A leopard gecko (D:3)
  3 orcs (D:3)
  3 goblins
  5 hobgoblins
  9 jackals
  5 kobolds
  A ball python (D:1)
  6 bats
  2 frilled lizards
  7 rats
57 creatures vanquished.

Vanquished Creatures (others)
  11 plants (D:3)
11 creatures vanquished.

Grand Total: 68 creatures vanquished

Notes
Turn   | Place    | Note
-------+----------+-------------------------------------------
     0 | D:1      | FishyPogo the Draconian Air Elementalist began the quest
                  | for the Orb.
     0 | D:1      | Reached XP level 1. HP: 14/14 MP: 3/3
   190 | D:1      | Reached XP level 2. HP: 20/20 MP: 0/5
   384 | D:1      | Reached skill level 1 in Shields
   662 | D:2      | Reached XP level 3. HP: 20/26 MP: 2/6
  1046 | D:2      | Found a snail-covered altar of Cheibriados.
  1233 | D:2      | Reached XP level 4. HP: 33/33 MP: 7/7
  1454 | D:3      | Learned a level 4 spell: Airstrike
  1661 | D:3      | Noticed a centaur
  1872 | D:3      | Reached skill level 4 in Air Magic
  1904 | D:3      | Reached XP level 5. HP: 38/38 MP: 1/8
  2196 | D:3      | HP: 1/38 [centaur/arrow (2)]
  2196 | D:3      | Killed from afar by an orc priest

Illustrated notes

Levels and vault maps discovered:
D:1:      dpeg_arrival_tiny_k, layout_basic
D:2:      layout_rooms, nicolae_overflow_crystal_walls, roderic_malta_cross
D:3:      layout_basic, lemuel_crystal_altar, serial_forest,
          infiniplex_forest_end_double, infiniplex_forest_lined_room_2,
          infiniplex_forest_clump_C, infiniplex_forest_lined_3,
          infiniplex_forest_clump_diagonal, infiniplex_forest_end_2,
          infiniplex_forest_clump_double, infiniplex_forest_zigzag_2,
          infiniplex_forest_lined_3

Skill      XL: |  1  2  3  4 |
---------------+-------------+-----
Stealth        | 2 |  2.0
Shields        | 1 2 |  2.8
Dodging        | 2 |  2.0
Conjurations   | 2 |  2.2
Air Magic      | 4 |  4.2
Spellcasting   | |  2.6

Action                   |  1- 3 |  4- 6 || total
-------------------------+-------+-------++-------
Melee: Short sword       |   110 |    73 ||   183
       Tailslap          |     8 |     2 ||    10
Throw: Stone             |     5 |       ||     5
 Cast: Shock             |    24 |    37 ||    61
  Use: Potion            |       |     1 ||     1
 Stab: Sleeping          |     1 |     1 ||     2
Armor: Skin              |    39 |    37 ||    76
Dodge: Dodged            |    83 |    54 ||   137
Block: Buckler           |    29 |    10 ||    39
